EL
NORTHWEST ARKANSAS NATURALS @ MONTGOMERY BISCUITS
07/29/2046
 
TOP OF THE 1ST
Northwest Arkansas Naturals batting - Pitching for Montgomery Biscuits : LHP Chris Ross
Pitching: LHP Chris Ross
Batting: RHB Yi-lin Niu 0-0: Swinging Strike
0-1: Fly out, F8 (Flyball, 8RXD, EV 94.4 MPH)
Batting: RHB Danny Weisse 0-0: Ball
1-0: Ball
2-0: Foul Ball, location: 2F
2-1: Called Strike
2-2: Foul Ball, location: 2F
2-2: SINGLE (Groundball, 6MD, EV 100.0 MPH)
Batting: RHB Kevin Roseen 0-0: Ball
1-0: Ball
2-0: SINGLE (Line Drive, 9LS, EV 110.0 MPH)
Danny Weisse to second
Batting: RHB Alex Cid 0-0: Ball
1-0: Called Strike
1-1: Ball
2-1: Swinging Strike
2-2: Strikes out looking
Batting: SHB Jason Anaya 0-0: Ball
1-0: Foul Ball, location: 2F
1-1: Foul Ball, location: 2F
1-2: Fly out, F7 (Flyball, 7LSF, EV 94.4 MPH)
Top of the 1st over - 0 runs, 2 hits, 0 errors, 2 left on base; Northwest Arkansas 0 - Montgomery 0
BOTTOM OF THE 1ST
Montgomery Biscuits batting - Pitching for Northwest Arkansas Naturals : RHP Matt Voulgaris
Pitching: RHP Matt Voulgaris
Batting: LHB Bill McGregor 0-0: Called Strike
0-1: Fly out, F8 (Flyball, 78D, EV 102.5 MPH)
Batting: LHB Mark Marvin 0-0: Ball
1-0: Ball
2-0: Ball
3-0: Called Strike
3-1: Fly out, F6 (Line Drive, 6M, EV 62.5 MPH)
Batting: RHB David Ward 0-0: Called Strike
0-1: SOLO HOME RUN (Flyball, 7LD, EV 93.1 MPH), Distance : 334 ft
Batting: RHB Jonathan Fraire 0-0: Swinging Strike
0-1: Ball
1-1: Swinging Strike
1-2: Ball
2-2: DOUBLE (Line Drive, 78XD, EV 103.8 MPH)
Batting: SHB Lou Kroneman 0-0: Called Strike
0-1: SINGLE (Line Drive, 8LS, EV 104.4 MPH)
Jonathan Fraire to third
Runner from 3rd tries for Home, SAFE, throw by CF to home
Batting: RHB Adam Kaeser 0-0: Foul Ball, location: 2F
0-1: 2-RUN HOME RUN (Flyball, 7LD, EV 100.0 MPH), Distance : 379 ft
Pitching: RHP Matthew Orphan
Batting: RHB Freddy Mullen 0-0: Called Strike
0-1: Ball
1-1: Swinging Strike
1-2: Ground out U3 (Groundball, 34S, EV 85.0 MPH)
Bottom of the 1st over - 4 runs, 4 hits, 0 errors, 0 left on base; Northwest Arkansas 0 - Montgomery 4
TOP OF THE 2ND
Northwest Arkansas Naturals batting - Pitching for Montgomery Biscuits : LHP Chris Ross
Batting: LHB Josh Moore 0-0: Ball
1-0: Called Strike
1-1: Swinging Strike
1-2: Strikes out swinging
Batting: RHB Kevin Allen 0-0: Ball
1-0: Foul Ball, location: 2F
1-1: Foul Ball, location: 2F
1-2: Ball
2-2: Strikes out swinging
Batting: RHB Ben Minge 0-0: Called Strike
0-1: Called Strike
0-2: Foul Ball, location: 2F
0-2: Strikes out swinging
Top of the 2nd over - 0 runs, 0 hits, 0 errors, 0 left on base; Northwest Arkansas 0 - Montgomery 4
BOTTOM OF THE 2ND
Montgomery Biscuits batting - Pitching for Northwest Arkansas Naturals : RHP Matthew Orphan
Batting: LHB Dan Hunt 0-0: Called Strike
0-1: SINGLE (Flyball, 8RS, EV 89.4 MPH)
Batting: LHB Alex Genao 0-0: Ball
1-0: Called Strike
Dan Hunt steals 2nd base
1-1: Swinging Strike
1-2: Strikes out looking
Batting: LHB Bill McGregor 0-0: Ball
1-0: Ball
Balk!
Dan Hunt to third
2-0: Swinging Strike
2-1: Ball
3-1: Foul Ball, location: 2F
3-2: Foul Ball, location: 2F
3-2: SINGLE (Flyball, 7S, EV 88.8 MPH)
Dan Hunt scores
Batting: LHB Mark Marvin 0-0: Foul Ball, location: 2F
0-1: Ball
1-1: Ball
Bill McGregor steals 2nd base
2-1: Ball
3-1: Base on Balls
Pitching: RHP Vinny Reveles
Batting: RHB David Ward 0-0: Ball
1-0: Ball
2-0: Ball
3-0: Called Strike
3-1: Base on Balls
Bill McGregor to third
Mark Marvin to second
Batting: RHB Jonathan Fraire 0-0: Foul Ball, location: 2F
0-1: Ball
1-1: Ball
2-1: SINGLE (Groundball, 6D, EV 106.2 MPH)
Bill McGregor scores
Mark Marvin to third
David Ward to second
Runner from 3rd tries for Home, SAFE, throw by CF to home
Batting: SHB Lou Kroneman 0-0: Fly out, F4 (Line Drive, 4D, EV 70.6 MPH)
Batting: RHB Adam Kaeser 0-0: Called Strike
0-1: Ball
1-1: Ball
2-1: Foul Ball, location: 2F
2-2: Foul Ball, location: 2F
2-2: Ball
3-2: Foul Ball, location: 2F
3-2: DOUBLE (Line Drive, 89D, EV 102.5 MPH)
David Ward scores
Jonathan Fraire to third
Jonathan Fraire scores
Pitching: RHP Matt Slater
Batting: RHB Freddy Mullen 0-0: Called Strike
0-1: Foul Ball, location: 2F
0-2: Ball
1-2: Ball
2-2: Foul Ball, location: 2F
2-2: Foul Ball, location: 2F
2-2: Foul Ball, location: 2F
2-2: Strikes out swinging
Bottom of the 2nd over - 5 runs, 4 hits, 0 errors, 1 left on base; Northwest Arkansas 0 - Montgomery 9
TOP OF THE 3RD
Northwest Arkansas Naturals batting - Pitching for Montgomery Biscuits : LHP Chris Ross
Batting: LHB Joel Page 0-0: Ball
1-0: Called Strike
1-1: Ground out 1-3 (Groundball, 15S, EV 74.4 MPH)
Batting: RHB Yi-lin Niu 0-0: Ball
1-0: Ball
2-0: Foul Ball, location: 2F
2-1: Called Strike
2-2: Strikes out swinging
Batting: RHB Danny Weisse 0-0: Ball
1-0: Called Strike
1-1: Ball
2-1: Swinging Strike
2-2: Foul Ball, location: 2F
2-2: Strikes out swinging
Top of the 3rd over - 0 runs, 0 hits, 0 errors, 0 left on base; Northwest Arkansas 0 - Montgomery 9
BOTTOM OF THE 3RD
Montgomery Biscuits batting - Pitching for Northwest Arkansas Naturals : RHP Matt Slater
Batting: LHB Dan Hunt 0-0: Called Strike
0-1: Ball
1-1: Ground out 6-3 (Groundball, 56, EV 81.2 MPH)
Batting: LHB Alex Genao 0-0: Ball
1-0: DOUBLE (Line Drive, 7LD, EV 105.0 MPH)
Batting: LHB Bill McGregor 0-0: Called Strike
0-1: Ball
1-1: Called Strike
1-2: Ball
2-2: Foul Ball, location: 2F
2-2: Strikes out swinging
Pitching: RHP Tim Tucker
Batting: LHB Mark Marvin 0-0: Ball
1-0: Foul Ball, location: 2F
1-1: Ball
2-1: Foul Ball, location: 2F
2-2: Ball
3-2: Base on Balls
Batting: RHB David Ward 0-0: Ball
1-0: Swinging Strike
1-1: Ball
2-1: Called Strike
2-2: Strikes out swinging
Bottom of the 3rd over - 0 runs, 1 hit, 0 errors, 2 left on base; Northwest Arkansas 0 - Montgomery 9
TOP OF THE 4TH
Northwest Arkansas Naturals batting - Pitching for Montgomery Biscuits : LHP Chris Ross
Batting: RHB Kevin Roseen 0-0: Ball
1-0: Called Strike
1-1: Foul Ball, location: 2F
1-2: Strikes out looking
Batting: RHB Alex Cid 0-0: SINGLE (Line Drive, 4D, EV 97.5 MPH)
Batting: SHB Jason Anaya 0-0: Called Strike
0-1: Called Strike
0-2: Strikes out swinging
Batting: LHB Josh Moore 0-0: Called Strike
0-1: Foul Ball, location: 2F
0-2: Ball
1-2: Ball
2-2: Strikes out swinging
Top of the 4th over - 0 runs, 1 hit, 0 errors, 1 left on base; Northwest Arkansas 0 - Montgomery 9
BOTTOM OF THE 4TH
Montgomery Biscuits batting - Pitching for Northwest Arkansas Naturals : RHP Tim Tucker
Batting: RHB Jonathan Fraire 0-0: Called Strike
0-1: Ball
1-1: Foul Ball, location: 2F
1-2: Ground out 4-3 (Groundball, 4, EV 100.6 MPH)
Batting: SHB Lou Kroneman 0-0: Foul Ball, location: 2F
0-1: Called Strike
0-2: Ball
1-2: SINGLE (Groundball, 4M, EV 98.1 MPH)
Pitching: LHP Jake Warwick
Batting: RHB Adam Kaeser 0-0: Ball
1-0: Fly out, F7 (Flyball, 7, EV 79.4 MPH)
Batting: RHB Freddy Mullen 0-0: Ball
1-0: DOUBLE (Line Drive, 78D, EV 100.0 MPH)
Lou Kroneman to third
Runner from 3rd tries for Home, throw by CF and OUT! 8-6-2
Bottom of the 4th over - 0 runs, 2 hits, 0 errors, 1 left on base; Northwest Arkansas 0 - Montgomery 9
TOP OF THE 5TH
Northwest Arkansas Naturals batting - Pitching for Montgomery Biscuits : LHP Chris Ross
Batting: RHB Kevin Allen 0-0: Called Strike
0-1: Foul Ball, location: 2F
0-2: Foul Ball, location: 2F
0-2: Strikes out looking
Batting: RHB Ben Minge 0-0: Ball
1-0: Ball
2-0: Foul Ball, location: 2F
2-1: Swinging Strike
2-2: Strikes out swinging
Batting: LHB Joel Page 0-0: Called Strike
0-1: Ball
1-1: Ball
2-1: SINGLE (Groundball, 4MD, EV 105.6 MPH)
Batting: RHB Yi-lin Niu 0-0: Foul Ball, location: 2F
0-1: Called Strike
0-2: Ball
1-2: Strikes out looking
Top of the 5th over - 0 runs, 1 hit, 0 errors, 1 left on base; Northwest Arkansas 0 - Montgomery 9
BOTTOM OF THE 5TH
Montgomery Biscuits batting - Pitching for Northwest Arkansas Naturals : LHP Jake Warwick
Batting: LHB Dan Hunt 0-0: Called Strike
0-1: Ball
1-1: Swinging Strike
1-2: Ball
2-2: SINGLE (Groundball, 56S, EV 72.5 MPH) (infield hit)
Batting: LHB Alex Genao 0-0: Foul Ball, location: 2F
0-1: Ball
1-1: Foul Ball, location: 2F
1-2: Strikes out looking
Batting: LHB Bill McGregor 0-0: Ball
1-0: Called Strike
1-1: Swinging Strike
1-2: Ball
2-2: Fly out, F8 (Flyball, 8RS, EV 91.9 MPH)
Pitching: RHP Philip Terrell
Batting: LHB Mark Marvin 0-0: Called Strike
0-1: Ball
1-1: Swinging Strike
1-2: Foul Ball, location: 2F
1-2: Ground out 4-3 (Groundball, 4, EV 90.6 MPH)
Bottom of the 5th over - 0 runs, 1 hit, 0 errors, 1 left on base; Northwest Arkansas 0 - Montgomery 9
TOP OF THE 6TH
Northwest Arkansas Naturals batting - Pitching for Montgomery Biscuits : LHP Chris Ross
Batting: RHB Danny Weisse 0-0: Ball
1-0: Ball
2-0: Called Strike
2-1: Swinging Strike
2-2: Ball
3-2: Base on Balls
Batting: RHB Kevin Roseen 0-0: Called Strike
0-1: Ball
1-1: Ground out 5-3 (Groundball, 56S, EV 73.1 MPH)
Danny Weisse to second
Batting: RHB Alex Cid 0-0: Ball
1-0: Ball
2-0: Called Strike
2-1: Swinging Strike
2-2: Strikes out swinging
Batting: SHB Jason Anaya 0-0: Ball
1-0: Swinging Strike
1-1: Ball
2-1: Foul Ball, location: 2F
2-2: Strikes out swinging
Top of the 6th over - 0 runs, 0 hits, 0 errors, 1 left on base; Northwest Arkansas 0 - Montgomery 9
BOTTOM OF THE 6TH
Montgomery Biscuits batting - Pitching for Northwest Arkansas Naturals : RHP Philip Terrell
Batting: RHB David Ward 0-0: Ball
1-0: Foul Ball, location: 2F
1-1: Ball
2-1: Swinging Strike
2-2: Foul Ball, location: 2F
2-2: Ball
3-2: Foul Ball, location: 2F
3-2: Base on Balls
Batting: RHB Jonathan Fraire 0-0: Ball
1-0: Called Strike
1-1: Ball
2-1: Ball
3-1: Foul Ball, location: 2F
3-2: Fly out, F7 (Flyball, 7LSF, EV 82.5 MPH)
Batting: SHB Lou Kroneman 0-0: Ball
1-0: Called Strike
1-1: Foul Ball, location: 2F
1-2: Foul Ball, location: 2F
1-2: Ball
2-2: SINGLE (Groundball, 6D, EV 96.9 MPH)
David Ward to second
Batting: RHB Adam Kaeser 0-0: Ball
1-0: Ball
2-0: Fly out, F7 (Line Drive, 78D, EV 98.8 MPH)
Batting: RHB Freddy Mullen 0-0: Called Strike
0-1: Ball
1-1: Ground out 2-3 (Groundball, 2L, EV 60.6 MPH)
Bottom of the 6th over - 0 runs, 1 hit, 0 errors, 2 left on base; Northwest Arkansas 0 - Montgomery 9
TOP OF THE 7TH
Northwest Arkansas Naturals batting - Pitching for Montgomery Biscuits : LHP Chris Ross
Batting: LHB Josh Moore 0-0: Called Strike
0-1: Ball
1-1: Swinging Strike
1-2: Strikes out swinging
Batting: RHB Kevin Allen 0-0: Foul Ball, location: 2F
0-1: Ball
1-1: Fly out, F8 (Flyball, 8LD, EV 88.1 MPH)
Batting: RHB Ben Minge 0-0: Swinging Strike
0-1: Ball
1-1: Swinging Strike
1-2: Ball
2-2: Foul Ball, location: 2F
2-2: Ball
3-2: Strikes out swinging
Top of the 7th over - 0 runs, 0 hits, 0 errors, 0 left on base; Northwest Arkansas 0 - Montgomery 9
BOTTOM OF THE 7TH
Montgomery Biscuits batting - Pitching for Northwest Arkansas Naturals : RHP Philip Terrell
Batting: LHB Dan Hunt 0-0: Ball
1-0: Ball
2-0: Ball
3-0: Base on Balls
Batting: LHB Alex Genao 0-0: Called Strike
0-1: SINGLE (Flyball, 78S, EV 91.2 MPH)
Dan Hunt to second
Runner from 2nd tries for 3rd, OUT! 7-5
Batting: LHB Bill McGregor 0-0: Ball
1-0: Called Strike
1-1: Foul Ball, location: 2F
1-2: Ball
2-2: Ball
3-2: SINGLE (Groundball, 6D, EV 96.2 MPH)
Alex Genao to second
Alex Genao to third
Pinch Hitting: RHB Devin Brown 0-0: SINGLE (Line Drive, 3D, EV 106.2 MPH)
Alex Genao scores
Bill McGregor to second
Batting: RHB David Ward 0-0: Called Strike
0-1: Foul Ball, location: 2F
0-2: Ball
1-2: DOUBLE (Flyball, 8RXD, EV 109.4 MPH)
Bill McGregor scores
Devin Brown to third
Batting: RHB Jonathan Fraire 0-0: Ball
1-0: Swinging Strike
1-1: Swinging Strike
1-2: Ball
2-2: DOUBLE (Flyball, 78D, EV 112.5 MPH)
Devin Brown scores
David Ward scores
Batting: SHB Lou Kroneman 0-0: Swinging Strike
0-1: Foul Ball, location: 2F
0-2: Strikes out swinging
Batting: RHB Adam Kaeser 0-0: Ball
1-0: Foul Ball, location: 2F
1-1: Swinging Strike
1-2: Ball
2-2: SINGLE (Line Drive, 7LS, EV 103.1 MPH)
Jonathan Fraire to third
Runner from 3rd tries for Home, SAFE, throw by LF to home
Batting: RHB Freddy Mullen 0-0: Ball
1-0: Ball
2-0: Ball
3-0: Called Strike
3-1: Foul Ball, location: 2F
3-2: Fly out, F6 (Line Drive, 6D, EV 67.5 MPH)
Bottom of the 7th over - 5 runs, 6 hits, 0 errors, 1 left on base; Northwest Arkansas 0 - Montgomery 14
TOP OF THE 8TH
Northwest Arkansas Naturals batting - Pitching for Montgomery Biscuits : LHP Chris Ross
Pitching: RHP Jeremy Price
Now at 2B: Lou Kroneman
Now at 3B: Devin Brown
Batting: LHB Joel Page 0-0: Foul Ball, location: 2F
0-1: Ball
1-1: Swinging Strike
1-2: Strikes out looking
Batting: RHB Yi-lin Niu 0-0: Ground out 1-3 (Groundball, 13S, EV 75.0 MPH)
Batting: RHB Danny Weisse 0-0: Foul Ball, location: 2F
0-1: Swinging Strike
0-2: Ball
1-2: Strikes out swinging
Top of the 8th over - 0 runs, 0 hits, 0 errors, 0 left on base; Northwest Arkansas 0 - Montgomery 14
BOTTOM OF THE 8TH
Montgomery Biscuits batting - Pitching for Northwest Arkansas Naturals : RHP Philip Terrell
Batting: LHB Dan Hunt 0-0: SINGLE (Groundball, 56D, EV 97.5 MPH)
Batting: LHB Alex Genao 0-0: Called Strike
0-1: Fly out, F7 (Line Drive, 7S, EV 106.2 MPH)
Batting: LHB Bill McGregor 0-0: Called Strike
0-1: Ball
1-1: Foul Ball, location: 2F
1-2: SINGLE (Line Drive, 6D, EV 97.5 MPH)
Dan Hunt to second
Runner from 2nd tries for 3rd, OUT! 8-5
Batting: RHB Devin Brown 0-0: Ball
1-0: Ball
2-0: Foul Ball, location: 2F
2-1: Foul Ball, location: 2F
2-2: Strikes out looking
Bottom of the 8th over - 0 runs, 2 hits, 0 errors, 1 left on base; Northwest Arkansas 0 - Montgomery 14
TOP OF THE 9TH
Northwest Arkansas Naturals batting - Pitching for Montgomery Biscuits : RHP Jeremy Price
Batting: RHB Kevin Roseen 0-0: Foul Ball, location: 2F
0-1: Foul Ball, location: 2F
0-2: Fly out, F9 (Flyball, 9LS, EV 94.4 MPH)
Batting: RHB Alex Cid 0-0: Ground out 3-1 (Groundball, 34S, EV 87.5 MPH)
Batting: SHB Jason Anaya 0-0: Called Strike
0-1: Ball
1-1: Called Strike
1-2: Strikes out swinging
Top of the 9th over - 0 runs, 0 hits, 0 errors, 0 left on base; Northwest Arkansas 0 - Montgomery 14
Tuesday, September 13th , 2022 - OOTP Baseball 23.7 Build 88